 Dungeon Sprint DCSS version 0.21-a0-221-gfe971b9 (webtiles) character file.

164800 Kidiri the Sorcerer (level 16, -16/103 HPs)
             Began as a Deep Elf Fire Elementalist on Aug 26, 2017.
             Was the Champion of Vehumet.
             Demolished by Mennas
             ... wielding a +5 trishula of holy wrath
              (17 damage)
             ... in the Dungeon (Sprint III: "The Ten Rune Challenge").
             The game lasted 01:35:13 (12778 turns).

Kidiri the Sorcerer (Deep Elf Fire Elementalist)   Turns: 12778, Time: 01:35:15

Health: -16/103    AC: 19    Str: 10    XL:     16   Next: 28%
Magic:  27/33      EV: 15    Int: 33    God:    Vehumet [******]
Gold:   1675       SH: 21    Dex: 13    Spells: 3/65 levels left

rFire    + . .     SeeInvis +   q - +0 long sword "Ceufak" {slice, rElec rPois rN+++ Dex-2}
rCold    + . .     Gourm    .   K - +2 large shield {reflect}
rNeg     + + +     Faith    .   G - +3 ring mail of Tempters {rElec rN++ rCorr MP-9}
rPois    +         Spirit   .   e - +2 hat
rElec    +         Reflect  +   H - +0 cloak {+Inv}
rCorr    +         Harm     .   a - +1 pair of gloves {Str+3}
MR       .....     NoTele   +   E - +2 pair of boots of Daffodils {*Corrode rF+ rC+}
Stlth    +.........             S - amulet "Vosch" {Reflect MR- Str+2 Slay+2 SH+4}
HPRegen  0.27/turn              k - +3 ring of intelligence
MPRegen  0.23/turn              n - ring of see invisible

@: glowing, silenced
A: beak, clever 1, low mp 1, wild magic 1
}: 3/10 runes: serpentine, barnacled, silver
a: Renounce Religion, Evoke Invisibility


You were in the Dungeon.
You worshipped Vehumet.
Vehumet was exalted by your worship.
You were completely stuffed.

You visited 1 branch You collected 4001 gold pieces.
You spent 2326 gold pieces at shops.

Inventory:

Hand Weapons
 q - the +0 long sword "Ceufak" (weapon) {slice, rElec rPois rN+++ Dex-2}
   (You bought it in a shop in the Dungeon)

   It inflicts extra damage upon your enemies.
   It affects your dexterity (-2).
   It insulates you from electricity.
   It protects you from poison.
   It renders you almost immune to negative energy.
 A - a +7 quick blade
 R - the +6 bardiche "Kunwoxeu" {drain, Str+6 Dex-5}
   (You took it off a vault guard in the Dungeon)

   A truly terrible weapon, it drains the life of those it strikes.
   It affects your strength (+6).
   It affects your dexterity (-5).
Armour
 a - a +1 pair of gloves of strength (worn)
 e - a +2 hat (worn)
 l - a +2 large shield of positive energy
 E - the +2 pair of boots of Daffodils (worn) {*Corrode rF+ rC+}
   (You found it in the Dungeon)

   It protects you from fire.
   It protects you from cold.
   It may corrode you when you take damage.
 G - the +3 ring mail of Tempters (worn) {rElec rN++ rCorr MP-9}
   (You took it off a vault guard in the Dungeon)

   It insulates you from electricity.
   It greatly protects you from negative energy.
   It affects your magic capacity (-9).
   It protects you from acid and corrosion.
 H - a +0 cloak of invisibility (worn)
 K - a +2 large shield of reflection (worn)
 Q - a +2 pair of gloves of archery
Jewellery
 j - an uncursed amulet of magic regeneration
 k - a +3 ring of intelligence (left hand)
 n - a ring of see invisible (right hand)
 B - an uncursed ring of magical power
 D - an uncursed ring of flight
 S - the amulet "Vosch" (around neck) {Reflect MR- Str+2 Slay+2 SH+4}
   (You took it off a vault guard in the Dungeon)

   [amulet of reflection]

   It shields you and reflects attacks.
   It affects your strength (+2).
   It affects your accuracy and damage with ranged weapons and melee attacks
   (+2).
   It affects your resistance to hostile enchantments.
   It affects your SH (+4).
Wands
 c - a wand of acid (6/15)
 d - a wand of acid (10/15)
 f - a wand of disintegration (14/24)
 t - a wand of lightning (10/15)
 F - a wand of paralysis (13/24)
 P - a wand of random effects (26/48)
 U - a wand of iceblast (8/15)
Scrolls
 b - 4 scrolls of silence
 g - 2 scrolls of fog
 h - a scroll of holy word
 i - 2 scrolls of recharging
 o - 2 scrolls of blinking
 v - a scroll of immolation
 w - 2 scrolls of torment
 y - 2 scrolls of enchant weapon
 M - 6 scrolls of identify
Potions
 m - a potion of ambrosia
 p - 2 potions of berserk rage
 r - a potion of brilliance
 s - 3 potions of curing
 u - a potion of haste
 C - 3 potions of flight
 I - a potion of magic
 J - 3 potions of lignification
Books
 x - a book of Fire

   Spells                             Type                      Level
   a - Ignite Poison                  Fire/Transmutation/Poison    3
   b - Fireball                       Conjuration/Fire             5
   c - Bolt of Fire                   Conjuration/Fire             6
   d - Ring of Flames                 Charms/Fire                  7
   e - Ignition                       Fire                         8
Comestibles
 L - 2 bread rations
 N - 2 meat rations
 O - 12 royal jellies


   Skills:
 + Level 12.5 Fighting
 - Level 12.2 Short Blades
 - Level 10.2 Armour
 - Level 14.2 Dodging
 - Level 2.4 Stealth
 * Level 10.7 Shields
 * Level 25.3 Spellcasting
 + Level 16.3 Conjurations
 + Level 14.2 Charms
 + Level 16.5 Fire Magic
 + Level 15.2 Ice Magic
 + Level 14.6 Air Magic
 + Level 15.1 Earth Magic
 + Level 15.7 Poison Magic
 - Level 8.1 Evocations


You had 3 spell levels left.
You knew the following spells:

 Your Spells              Type           Power        Failure   Level  Hunger
a - Flame Tongue          Conj/Fire      #####        1%          1    None
b - Conjure Flame         Conj/Fire      ########     1%          3    None
c - Inner Flame           Hex/Fire       #######.     1%          3    None
d - Sticky Flame          Conj/Fire      ########     1%          4    None
e - Fireball              Conj/Fire      ########..   1%          5    None
f - Bolt of Fire          Conj/Fire      ########..   1%          6    None
g - Ring of Flames        Chrm/Fire      ########..   17%         7    None
h - Ignition              Fire           ########..   19%         8    #......
i - Fire Storm            Conj/Fire      ########..   85%         9    ####...
j - Throw Frost           Conj/Ice       ######       1%          2    None
k - Lee's Rapid Deconstr  Erth           ########..   1%          5    None
l - Iron Shot             Conj/Erth      ########..   1%          6    None
m - Mephitic Cloud        Conj/Pois/Air  ########     1%          3    None


Dungeon Overview and Level Annotations

Branches:
Dungeon (1/1)

Altars:
Cheibriados
Dithmenos
Elyvilon
Fedhas
Gozag
Hepliaklqana
Kikubaaqudgha
Makhleb
Nemelex Xobeh
Okawaru
Qazlal
Ru
Sif Muna
Trog
Uskayaw
Vehumet
Wu Jian
Xom
Yredelemnul
Zin
The Shining One
Beogh
Jiyva
Lugonu

Shops:
D :(?[?=?%(?[:%}=%!(=

Annotations:
D exclusion: 4 doors, Mennas


Innate Abilities, Weirdness & Mutations

You have a beak for a mouth.
Your mind is acute. (Int +2)
Your magical capacity is low. (-10% MP)
Your spells are a little harder to cast, but a little more powerful.


Message History

Mennas gestures frantically.
Mennas's surroundings become eerily quiet.
Unknown command.
Okay, then.
There is an open door here.
There is an open door here.
You close the door.
Mennas opens the door.
Mennas gestures frantically.
You are confused.
Unknown command.
You feel better.
Mennas gestures frantically.
Mennas's surroundings become eerily quiet.
Mennas hits you from afar with a trishula of holy wrath!
* * * LOW HITPOINT WARNING * * *
Mennas barely misses you.
Unknown command.
Mennas hits you from afar with a trishula of holy wrath!
You die...

######..##.#[..........+..#######
........##.#.......########.....#
.......###.#.....###[∩⌠⌠∩.#..#..#
######## #.#§§.###.#.∩⌠⌠∩.#.#.#.#
.......###.#)###§§.#.∩∩∩∩.#....)#
........##.#+#....§#.∩∩∩∩.#.....#
######..##.#.......#......#.#.#.+
))......##.#.......###++###..#..#
)......###......@..#.⌠..⌠.#)....#
##################A#......#######
.....%..##.#.#.#.#........#.^...+
........##................#.#####
##########................#)..+.^
## ###'##############.).#.^ #.
##...## #####.^ .. #. ##.....##
#...... ....#[###.......# ▓+▓▓▓▓▓


You could see Mennas.

Vanquished Creatures
  Sojobo (D)
  Boris (D)
  2 golden dragons (D)
  Rupert (D)
  A titan (D)
  2 liches (D)
  A deep elf master archer (D)
  Gastronok (D)
  2 sphinxes (D)
  5 shadow dragons (D)
  Polyphemus (D)
  Harold (D)
  Chuck (D)
  A nagaraja (D)
  A fire giant (D)
  Ilsuiw (D)
  A stone giant (D)
  A deep elf demonologist (D)
  2 deep elf annihilators (D)
  2 dire elephants (D)
  Azrael (D)
  A merfolk javelineer (D)
  A minotaur (shapeshifter) (D)
  4 mummy priests (D)
  Erolcha (D)
  A deep elf death mage (D)
  2 yaktaur captains (D)
  A deep elf high priest (D)
  16 vault guards (D)
  A fire dragon (D)
  A catoblepas (shapeshifter) (D)
  A naga warrior (D)
  A two-headed ogre (shapeshifter) (D)
  2 hydras (D)
  An ogre mage (D)
  4 dancing weapons (D)
  3 anacondas (D)
  2 centaur warriors (D)
  4 death yaks (D)
  4 orc high priests (D)
  Urug (D)
  A deep elf knight (D)
  An iron golem (D)
  4 skeletal warriors (D)
  A golden dragon zombie (D)
  A spriggan druid (D)
  A sea snake (D)
  4 hell knights (D)
  A lindwurm (shapeshifter) (D)
  A lindwurm (D)
  A death drake (D)
  2 obsidian statues (D)
  Joseph (D)
  6 deep elf magi (D)
  4 ugly things (D)
  4 crystal guardians (D)
  An orc sorcerer (D)
  A mana viper (shapeshifter) (D)
  2 elephants (D)
  An eye of devastation (shapeshifter) (D)
  A guardian serpent (D)
  8 black mambas (D)
  4 statues (D)
  2 spiny frogs (D)
  A komodo dragon (D)
  A rime drake (D)
  3 yaktaurs (D)
  3 wandering mushrooms (D)
  14 guardian mummies (D)
  A merfolk (shapeshifter) (D)
  4 spriggan defenders (D)
  A queen bee (D)
  2 tyrant leeches (D)
  8 blink frogs (D)
  3 dream sheep (D)
  4 slime creatures (D)
  A shadow (D)
  5 redbacks (D)
  2 spriggans (D)
  A spatial vortex (D)
  2 nagas (D)
  A hydra simulacrum (D)
  3 iron troll simulacra (D)
  A floating eye (D)
  5 water moccasins (D)
  2 orc warriors (D)
  A swamp drake (D)
  A necrophage (D)
  A black mamba simulacrum (D)
  5 two-headed ogres (D)
  A water elemental (D)
  27 killer bees (D)
  Crazy Yiuf (D)
  An orc priest (D)
  A jelly (D)
  3 orc wizards (D)
  Jessica (D)
  A wizard (D)
  2 necromancers (D)
  2 polar bear simulacra (D)
  A kobold demonologist (D)
  3 humans (D)
  3 adders (D)
  11 orcs (D)
  3 rats (D)
  8 bushes (D)
  8 butterflies (D)
  20 plants (D)
308 creatures vanquished.

Vanquished Creatures (collateral kills)
  2 killer bees (D)
2 creatures vanquished.

Vanquished Creatures (others)
  2 draconian scorchers (D)
  3 yaktaurs (D)
  6 hellions (D)
  3 killer bees (D)
  An electric eel (D)
  3 plants (D)
18 creatures vanquished.

Grand Total: 328 creatures vanquished

Notes
Turn   | Place    | Note
-------+----------+-------------------------------------------
     0 | D        | Kidiri the Deep Elf Fire Elementalist began the quest for the Orb.
     0 | D        | Reached XP level 1. HP: 10/10 MP: 6/6
    51 | D        | Noticed Jessica
    53 | D        | Killed Jessica
    53 | D        | Reached skill level 6 in Spellcasting
    53 | D        | Reached XP level 2. HP: 15/15 MP: 4/11
    63 | D        | Learned a level 2 spell: Throw Flame
    91 | D        | Killed a hellion
    92 | D        | Killed a hellion
   113 | D        | Killed a hellion
   115 | D        | Killed a hellion
   118 | D        | Killed a hellion
   120 | D        | Reached skill level 5 in Fire Magic
   120 | D        | Reached XP level 3. HP: 14/19 MP: 3/13
   125 | D        | Learned a level 3 spell: Conjure Flame
   129 | D        | Learned a level 3 spell: Inner Flame
   139 | D        | Killed a hellion
   148 | D        | Killed a yaktaur
   200 | D        | Noticed Crazy Yiuf
   206 | D        | Killed Crazy Yiuf
   206 | D        | Reached skill level 7 in Spellcasting
   206 | D        | Reached XP level 4. HP: 21/24 MP: 7/15
   211 | D        | Killed a white draconian scorcher
   219 | D        | Learned a level 4 spell: Sticky Flame
   235 | D        | Killed a white draconian scorcher
   239 | D        | Gained mutation: You are frail. (-10% HP) [potion of mutation]
   239 | D        | Gained mutation: You have supernaturally acute eyesight. (SInv) [potion of mutation]
   240 | D        | Lost mutation: You have supernaturally acute eyesight. (SInv) [potion of mutation]
   240 | D        | Lost mutation: You are frail. (-10% HP) [potion of mutation]
   240 | D        | Gained mutation: You have a beak for a mouth. [potion of mutation]
   240 | D        | Gained mutation: Your magical capacity is low. (-10% MP) [potion of mutation]
   240 | D        | Gained mutation: Your spells are a little harder to cast, but a little more powerful. [potion of mutation]
   240 | D        | Gained mutation: Your mind is acute. (Int +2) [potion of mutation]
   270 | D        | Noticed a water elemental
   273 | D        | Killed a water elemental
   273 | D        | Reached skill level 9 in Spellcasting
   273 | D        | Reached skill level 5 in Conjurations
   273 | D        | Reached XP level 5. HP: 24/28 MP: 11/17
   316 | D        | Learned a level 5 spell: Fireball
   316 | D        | Found a radiant altar of Vehumet.
   317 | D        | Found a deep blue altar of Sif Muna.
   317 | D        | Found an ancient bone altar of Kikubaaqudgha.
   319 | D        | Reached skill level 1 in Short Blades
   321 | D        | Reached skill level 1 in Fighting
   321 | D        | Reached skill level 1 in Armour
   321 | D        | Reached skill level 10 in Spellcasting
   335 | D        | Learned a level 3 spell: Mephitic Cloud
   338 | D        | Became a worshipper of Vehumet
   379 | D        | Found a glowing silver altar of Zin.
   380 | D        | Found a glowing golden altar of the Shining One.
   380 | D        | Found a white marble altar of Elyvilon.
   380 | D        | Noticed a deep elf mage
   397 | D        | Killed a deep elf mage
   397 | D        | Reached skill level 5 in Dodging
   397 | D        | Reached skill level 11 in Spellcasting
   397 | D        | Reached XP level 6. HP: 17/36 MP: 5/20
   397 | D        | Reached XP level 7. HP: 19/40 MP: 5/22
   559 | D        | Found an ornate altar of the Wu Jian Council.
   559 | D        | Found a roughly hewn altar of Beogh.
   559 | D        | Found an iron altar of Okawaru.
   559 | D        | Found a bloodstained altar of Trog.
   559 | D        | Found a hide-covered altar of Uskayaw.
   559 | D        | Noticed a human
   562 | D        | Noticed a human
   573 | D        | Killed a human
   573 | D        | Reached skill level 12 in Spellcasting
   584 | D        | Killed a human
   584 | D        | Reached * piety under Vehumet
   584 | D        | Offered knowledge of Sting by Vehumet.
   698 | D        | Found a basalt altar of Yredelemnul.
   698 | D        | Found a shadowy altar of Dithmenos.
   698 | D        | Found a sacrificial altar of Ru.
   732 | D        | Reached ** piety under Vehumet
   732 | D        | Offered knowledge of Throw Frost by Vehumet.
   734 | D        | Noticed a shadow
   737 | D        | Killed a shadow
   737 | D        | Reached XP level 8. HP: 48/48 MP: 17/24
   749 | D        | Learned a level 2 spell: Throw Frost
   770 | D        | Found a blossoming altar of Fedhas.
   770 | D        | Found a stormy altar of Qazlal.
   770 | D        | Found a snail-covered altar of Cheibriados.
   770 | D        | Found a burning altar of Makhleb.
   770 | D        | Found a shimmering altar of Xom.
   771 | D        | Found a hazy altar of Hepliaklqana.
   771 | D        | Found an opulent altar of Gozag.
   771 | D        | Found a sparkling altar of Nemelex Xobeh.
   771 | D        | Found a corrupted altar of Lugonu.
   771 | D        | Found a viscous altar of Jiyva.
   893 | D        | Offered knowledge of Stone Arrow by Vehumet.
   893 | D        | Reached skill level 1 in Ice Magic
   894 | D        | Reached *** piety under Vehumet
   894 | D        | Reached skill level 13 in Spellcasting
   894 | D        | Reached skill level 5 in Poison Magic
   899 | D        | Learned a level 3 spell: Stone Arrow
   955 | D        | Reached skill level 5 in Short Blades
  1027 | D        | Killed a yaktaur
  1056 | D        | Noticed a two-headed ogre
  1063 | D        | Noticed a two-headed ogre
  1063 | D        | Killed a two-headed ogre
  1063 | D        | Reached skill level 1 in Earth Magic
  1075 | D        | Killed a two-headed ogre
  1075 | D        | Offered knowledge of Force Lance by Vehumet.
  1075 | D        | Reached skill level 5 in Air Magic
  1075 | D        | Reached XP level 9. HP: 36/52 MP: 3/25
  1078 | D        | Noticed Erolcha
  1084 | D        | Killed Erolcha
  1084 | D        | Reached **** piety under Vehumet
  1084 | D        | Reached skill level 5 in Fighting
  1084 | D        | Reached skill level 14 in Spellcasting
  1204 | D        | Reached skill level 5 in Armour
  1420 | D        | Offered knowledge of Bolt of Draining by Vehumet.
  1441 | D        | Reached ***** piety under Vehumet
  1443 | D        | Noticed a queen bee
  1454 | D        | Killed a queen bee
  1461 | D        | Reached ****** piety under Vehumet
  1465 | D        | Reached skill level 5 in Ice Magic
  1467 | D        | Reached XP level 10. HP: 36/59 MP: 6/27
  1723 | D        | Offered knowledge of Bolt of Fire by Vehumet.
  1738 | D        | Learned a level 6 spell: Bolt of Fire
  1873 | D        | Reached skill level 5 in Earth Magic
  1897 | D        | Reached skill level 15 in Spellcasting
  1923 | D        | Noticed a spiny frog
  1923 | D        | Noticed a spiny frog
  1926 | D        | Killed a spiny frog
  1926 | D        | Killed a spiny frog
  1926 | D        | Reached skill level 10 in Fire Magic
  2144 | D        | Noticed a lindwurm
  2148 | D        | Killed a lindwurm
  2148 | D        | Offered knowledge of Irradiate by Vehumet.
  2364 | D        | Noticed Urug
  2369 | D        | Killed Urug
  2369 | D        | Reached skill level 10 in Conjurations
  2369 | D        | Reached XP level 11. HP: 56/65 MP: 12/29
  2510 | D        | Reached skill level 16 in Spellcasting
  2603 | D        | Offered knowledge of Venom Bolt by Vehumet.
  2611 | D        | Learned a level 5 spell: Venom Bolt
  2724 | D        | Noticed Rupert
  2733 | D        | Killed Rupert
  2733 | D        | Reached skill level 10 in Dodging
  2801 | D        | Noticed a death yak
  2802 | D        | Noticed a death yak
  2805 | D        | Noticed a death yak
  2805 | D        | Killed a death yak
  2805 | D        | Killed a death yak
  2805 | D        | Reached skill level 17 in Spellcasting
  2807 | D        | Noticed a death yak
  2934 | D        | Killed a death yak
  2936 | D        | Killed a death yak
  2936 | D        | Offered knowledge of Lee's Rapid Deconstruction by Vehumet.
  2958 | D        | Noticed an azure jelly
  2958 | D        | Noticed an azure jelly
  2959 | D        | Noticed an azure jelly
  2959 | D        | Noticed an azure jelly
  3033 | D        | Learned a level 5 spell: Lee's Rapid Deconstruction
  3034 | D        | Noticed Polyphemus
  3036 | D        | Reached XP level 12. HP: 31/72 MP: 27/32
  3038 | D        | Noticed Ilsuiw
  3040 | D        | Killed Polyphemus
  3049 | D        | Killed Ilsuiw
  3065 | D        | Reached skill level 18 in Spellcasting
  3065 | D        | Reached skill level 10 in Poison Magic
  3327 | D        | Found Epru's Book Shoppe.
  3335 | D        | Found Bopom's Antique Weapon Boutique.
  3336 | D        | Found Ifessah's Magic Scroll Emporium.
  3337 | D        | Noticed a merfolk javelineer
  3340 | D        | Killed a merfolk javelineer
  3340 | D        | Offered knowledge of Iron Shot by Vehumet.
  3371 | D        | Bought a scroll of identify for 22 gold pieces
  3386 | D        | Got a barnacled rune of Zot
  3473 | D        | Noticed a dire elephant
  3473 | D        | Noticed a dire elephant
  3473 | D        | Noticed Gastronok
  3478 | D        | Killed a dire elephant
  3479 | D        | Killed Gastronok
  3481 | D        | Killed a dire elephant
  3515 | D        | Learned a level 6 spell: Iron Shot
  3628 | D        | Noticed an orc high priest
  3629 | D        | Offered knowledge of Spellforged Servitor by Vehumet.
  3629 | D        | Reached skill level 10 in Short Blades
  3637 | D        | Killed an orc high priest
  3652 | D        | Found Baun's Magic Scroll Boutique.
  3652 | D        | Found a roughly hewn altar of Beogh.
  3704 | D        | Bought 2 scrolls of identify for 56 gold pieces
  3704 | D        | Bought a scroll of identify for 28 gold pieces
  3704 | D        | Bought a scroll of identify for 28 gold pieces
  3704 | D        | Bought a scroll of identify for 28 gold pieces
  3704 | D        | Bought a scroll of enchant armour for 105 gold pieces
  3862 | D        | Bought a bloodstained long sword for 212 gold pieces
  3862 | D        | Identified the cursed +0 long sword "Ceufak" {slice, rElec rPois rN+++ Dex-2} (You bought it in a shop in the Dungeon)
  3864 | D        | Bought a scroll of amnesia for 38 gold pieces
  3864 | D        | Bought a scroll of enchant armour for 82 gold pieces
  3864 | D        | Bought a scroll of fog for 22 gold pieces
  3972 | D        | Offered knowledge of Ozocubu's Refrigeration by Vehumet.
  4202 | D        | Reached skill level 10 in Air Magic
  4203 | D        | Reached skill level 19 in Spellcasting
  4203 | D        | Reached skill level 1 in Evocations
  4206 | D        | Reached XP level 13. HP: 53/79 MP: 14/34
  4321 | D        | Noticed a deep elf annihilator
  4326 | D        | Noticed a deep elf annihilator
  4327 | D        | Noticed a deep elf master archer
  4328 | D        | Killed a deep elf annihilator
  4328 | D        | Reached skill level 10 in Ice Magic
  4329 | D        | Noticed a deep elf demonologist
  4329 | D        | Noticed a deep elf death mage
  4329 | D        | Killed a deep elf master archer
  4329 | D        | Reached skill level 10 in Earth Magic
  4470 | D        | Killed a deep elf demonologist
  4475 | D        | Killed a deep elf death mage
  4551 | D        | Killed a deep elf annihilator
  4907 | D        | Found the +7 sceptre of Torment
  4931 | D        | Identified the Handbook of Freezing Moulding
  4945 | D        | Got a pair of brightly glowing boots
  4956 | D        | Identified the +2 pair of boots of Daffodils {*Corrode rF+ rC+} (You found it in the Dungeon)
  5285 | D        | Offered knowledge of Fire Storm by Vehumet.
  5285 | D        | Offered knowledge of Chain Lightning by Vehumet.
  5285 | D        | Offered knowledge of Tornado by Vehumet.
  5328 | D        | Found a blossoming altar of Fedhas.
  5330 | D        | Reached skill level 20 in Spellcasting
  5422 | D        | Reached skill level 5 in Evocations
  5501 | D        | Learned a level 7 spell: Ring of Flames
  5758 | D        | Noticed a nagaraja
  5762 | D        | Killed a nagaraja
  5765 | D        | Found Lyse's Antique Armour Shop.
  5765 | D        | Found Xonnuwot's Magic Scroll Shoppe.
  5767 | D        | Found Urieddir's Jewellery Boutique.
  5777 | D        | Bought a pair of runed gloves for 232 gold pieces
  5777 | D        | Bought a wizard robe for 176 gold pieces
  5787 | D        | Identified the +1 robe of the Everdark {rElec rC++ Str+5} (You bought it in a shop in the Dungeon)
  5803 | D        | Bought a scroll of blinking for 82 gold pieces
  5803 | D        | Bought a scroll of immolation for 38 gold pieces
  5803 | D        | Bought a scroll of fog for 22 gold pieces
  5803 | D        | Bought a scroll of blinking for 82 gold pieces
  5804 | D        | Bought an uncursed amulet of magic regeneration for 300 gold pieces
  5804 | D        | Bought an uncursed ring of flight for 175 gold pieces
  5818 | D        | Got a serpentine rune of Zot
  5924 | D        | Noticed Harold
  5924 | D        | Noticed Joseph
  5929 | D        | Killed Harold
  5929 | D        | Reached skill level 1 in Charms
  5933 | D        | Killed Joseph
  6019 | D        | Reached XP level 14. HP: 73/87 MP: 26/36
  6187 | D        | Found Yrritt's Food Emporium.
  6187 | D        | Found Mur Vut's Jewellery Shop.
  6187 | D        | Found Gobek's Antique Armour Boutique.
  6187 | D        | Found Tuva's Jewellery Shoppe.
  6187 | D        | Found Tikh's Book Boutique.
  6187 | D        | Found Riehirphu's Gadget Emporium.
  6187 | D        | Found Gaushruh's Magic Scroll Shoppe.
  6187 | D        | Found Soeleap's Antique Weapon Shop.
  6187 | D        | Found Niuhelom's Antique Weapon Shop.
  6187 | D        | Found Daeqixu Rasch's Distillery.
  6187 | D        | Found Ichuv's Food Emporium.
  6187 | D        | Found Eqap's Food Boutique.
  6205 | D        | Bought a warped leather armour for 147 gold pieces
  6215 | D        | Identified the cursed +0 leather armour of Ryf Ihi {rElec Stlth+} (You bought it in a shop in the Dungeon)
  6216 | D        | Bought a scroll of remove curse for 36 gold pieces
  6243 | D        | Bought a +3 ring of intelligence for 157 gold pieces
  6251 | D        | Bought a potion of magic for 80 gold pieces
  6251 | D        | Bought a potion of curing for 30 gold pieces
  6251 | D        | Bought a potion of magic for 80 gold pieces
  6251 | D        | Bought a potion of curing for 30 gold pieces
  6431 | D        | Reached skill level 21 in Spellcasting
  6517 | D        | Reached skill level 10 in Fighting
  6518 | D        | Reached skill level 5 in Charms
  6919 | D        | Noticed Chuck
  6924 | D        | Killed Chuck
  6924 | D        | Reached skill level 10 in Armour
  6928 | D        | Noticed an emperor scorpion
  6929 | D        | an emperor scorpion changed into a death yak
  6944 | D        | Noticed an emperor scorpion
  7097 | D        | Noticed Sojobo
  7108 | D        | Killed Sojobo
  7273 | D        | Noticed a lich
  7276 | D        | Killed a lich
  7276 | D        | Reached skill level 1 in Shields
  7276 | D        | Reached skill level 22 in Spellcasting
  7303 | D        | Noticed a shadow dragon
  7304 | D        | Noticed a shadow dragon
  7317 | D        | Killed a shadow dragon
  7607 | D        | Killed a shadow dragon
  7832 | D        | Noticed a shadow dragon
  7834 | D        | Noticed a golden dragon
  7834 | D        | Noticed a stone giant
  7834 | D        | Noticed a titan
  7834 | D        | Noticed a fire giant
  7834 | D        | Noticed a shadow dragon
  7834 | D        | Noticed a shadow dragon
  7837 | D        | Noticed a golden dragon
  7843 | D        | Reached XP level 15. HP: 55/93 MP: 39/39
  8190 | D        | Killed a titan
  8190 | D        | Reached skill level 5 in Shields
  8190 | D        | Killed a shadow dragon
  8190 | D        | Reached skill level 10 in Charms
  8190 | D        | Reached skill level 15 in Fire Magic
  8196 | D        | Killed a shadow dragon
  8196 | D        | Reached skill level 23 in Spellcasting
  8259 | D        | Killed a golden dragon
  8325 | D        | Got a crude crystal amulet
  8328 | D        | Got a warped ring mail
  8350 | D        | Reached skill level 15 in Conjurations
  8466 | D        | Got an ichor-stained bardiche {drain}
  8497 | D        | Killed a golden dragon
  8923 | D        | Killed a shadow dragon
  8949 | D        | Killed a fire giant
  8997 | D        | Learned a level 8 spell: Ignition
  9181 | D        | Got a silver rune of Zot
  9190 | D        | Identified the Compendium of the Birds and Augmentations
  9452 | D        | Identified the amulet "Vosch" {Reflect MR- Str+2 Slay+2 SH+4} (You took it off a vault guard in the Dungeon)
  9463 | D        | Identified the +3 ring mail of Tempters {rElec rN++ rCorr MP-9} (You took it off a vault guard in the Dungeon)
  9497 | D        | Identified the +6 bardiche "Kunwoxeu" {drain, Str+6 Dex-5} (You took it off a vault guard in the Dungeon)
  9808 | D        | Reached skill level 24 in Spellcasting
  9964 | D        | Noticed Azrael
  9966 | D        | Killed Azrael
 10060 | D        | Got a dazzling scarf
 10071 | D        | Identified the scarf of Ovviuteb {rElec} (You acquired it in the Dungeon)
 10349 | D        | Bought a scroll of amnesia for 38 gold pieces
 10361 | D        | Learned a level 9 spell: Fire Storm
 10906 | D        | Noticed a lich
 10911 | D        | Killed a lich
 10911 | D        | Reached skill level 15 in Poison Magic
 10968 | D        | Noticed a sphinx
 10968 | D        | Noticed a sphinx
 10970 | D        | Killed a sphinx
 10971 | D        | Paralysed by a sphinx for 4 turns
 10974 | D        | HP: 3/94 [guardian mummy (21)]
 10976 | D        | Killed a sphinx
 10976 | D        | Reached XP level 16. HP: 32/101 MP: 25/42
 11875 | D        | Reached skill level 10 in Shields
 12553 | D        | Reached skill level 25 in Spellcasting
 12645 | D        | Reached skill level 15 in Ice Magic
 12755 | D        | Noticed Boris
 12760 | D        | Killed Boris
 12760 | D        | Reached skill level 15 in Earth Magic
 12762 | D        | Noticed Mennas
 12776 | D        | HP: 1/103 [Mennas/trishula of holy wrath (14)]
 12778 | D        | Demolished by Mennas

Vault maps used:
D:        dungeon_sprint_mu

Skill      XL: |  1  2  3  4  5  6  7  8  9 10 11 12 13 14 15 16 |
---------------+-------------------------------------------------+-----
Spellcasting   | 6 7 9 11 12 13 14 15 17 19 20 22 24 25 | 25.3
Conjurations   | 3 4 5 6 7 8 9 10 11 12 13 14 15 16 | 16.3
Fire Magic     | 4 5 6 7 8 9 10 11 12 13 14 16 | 16.5
Short Blades   | 3 4 5 6 7 9 10 11 12 | 12.2
Fighting       | 2 3 4 5 6 7 8 9 10 12 | 12.5
Armour         | 2 3 4 5 6 7 8 9 10 | 10.2
Dodging        | 5 6 7 8 9 10 11 13 14 | 14.2
Air Magic      | 3 4 5 6 7 8 10 11 12 14 | 14.6
Poison Magic   | 3 4 5 6 8 9 10 12 13 15 | 15.7
Ice Magic      | 2 5 6 8 9 11 12 14 15 | 15.2
Earth Magic    | 2 4 6 8 9 11 12 14 15 | 15.1
Evocations     | 1 6 8 |  8.1
Charms         | 2 9 13 14 | 14.2
Shields        | 4 9 10 | 10.7
Stealth        | |  2.4

Action                   |  1- 3 |  4- 6 |  7- 9 | 10-12 | 13-15 | 16-18 || total
-------------------------+-------+-------+-------+-------+-------+-------++-------
Melee: Dagger            |       |     1 |    15 |     2 |       |       ||    18
       Peck              |       |     1 |     2 |     1 |     5 |     2 ||    11
       Long sword        |       |       |       |     1 |    22 |    10 ||    33
       Bardiche          |       |       |       |       |     1 |       ||     1
 Cast: Flame Tongue      |    17 |     2 |    70 |    22 |     3 |     2 ||   116
       Throw Flame       |     1 |       |     1 |     2 |       |       ||     4
       Conjure Flame     |       |     1 |    11 |     3 |     2 |       ||    17
       Sticky Flame      |       |     4 |     7 |     7 |    13 |       ||    31
       Mephitic Cloud    |       |     2 |    11 |     4 |     7 |       ||    24
       Inner Flame       |       |       |     5 |     4 |       |       ||     9
       Stone Arrow       |       |       |     1 |       |       |       ||     1
       Bolt of Fire      |       |       |       |    50 |    81 |    19 ||   150
       Throw Frost       |       |       |       |     4 |       |       ||     4
       Fireball          |       |       |       |     8 |    15 |       ||    23
       Venom Bolt        |       |       |       |     7 |     9 |       ||    16
       Lee's Rapid Decon |       |       |       |     5 |    18 |     8 ||    31
       Iron Shot         |       |       |       |     2 |    95 |     3 ||   100
       Ring of Flames    |       |       |       |       |     3 |       ||     3
       Ignition          |       |       |       |       |     2 |     1 ||     3
 Abil: Evoke Flight      |       |       |       |       |     5 |       ||     5
Evoke: Wand              |       |       |       |       |       |     1 ||     1
  Use: Potion            |       |     2 |     1 |     5 |     5 |     2 ||    15
       Scroll            |       |     2 |       |    15 |    11 |       ||    28
 Stab: Confused          |       |       |     1 |       |       |       ||     1
       Sleeping          |       |       |       |     1 |       |       ||     1
  Eat: Chunk             |       |       |     1 |     6 |     3 |       ||    10
       Royal jelly       |       |       |       |     7 |     5 |     5 ||    17
       Fruit             |       |       |       |       |     8 |       ||     8
Armor: Robe              |       |     1 |       |     3 |    14 |       ||    18
       Ring mail         |       |       |       |       |     6 |     2 ||     8
Dodge: Dodged            |     2 |     5 |    15 |    47 |    64 |     4 ||   137
Block: Large shield      |       |       |       |       |    10 |     7 ||    17
       Reflection        |       |       |       |       |     3 |       ||     3
       Other             |       |       |       |       |       |     1 ||     1
       Rpst.: Long sword |       |       |       |       |    15 |       ||    15

Table legend:
 A = Spawn XP
 B = Non-spawn XP
 C = Spawn XP percentage of total XP
 D = Spawn monster count
 E = Non-spawn monster count
 F = Spawn count percentage of total count
 G = Total turns spent on level
                    A         B        C        D         E        F      G
               +---------+---------+-------+---------+---------+-------+---------
         Total |       0 |  171144 |   0.0 |       0 |     277 |   0.0 | 12778
               +---------+---------+-------+---------+---------+-------+---------
             D |       0 |  171144 |   0.0 |       0 |     277 |   0.0 | 12778
               +---------+---------+-------+---------+---------+-------+---------
